 Dungeon Crawl Stone Soup version 0.29-a0-88-g03a7b78be7 (webtiles) character file.

Game seed: 8980303199332854744

97 lordive the Ruffian (level 4, -2/42 HPs)
             Began as a Troll Warper on Feb 5, 2022.
             Slain by a gnoll (9 damage)
             ... on level 3 of the Dungeon.
             The game lasted 00:02:22 (1664 turns).

lordive the Ruffian (Troll Warper)                  Turns: 1664, Time: 00:02:23

Health: -2/42      AC:  4    Str: 19    XL:     4   Next: 42%
Magic:  5/5        EV: 10    Int: 11    God:
Gold:   74         SH:  0    Dex:  9    Spells: 5/5 levels left

rFire   . . .      SeeInvis .     - Unarmed
rCold   . . .      Faith    .   (no shield)
rNeg    . . .      Spirit   .   a - +0 robe
rPois   .          Reflect  .   (helmet restricted)
rElec   .          Harm     .   (no cloak)
rCorr   .          Rampage  .   (gloves unavailable)
Will    .....                   (boots unavailable)
Stlth   +.........              (no amulet)
HPRegen 0.94/turn               (no ring)
MPRegen 0.09/turn               (no ring)

@: no status effects
A: large, unfitting armour, claws 3, regeneration 1, shaggy fur 1, tough skin 1
a: no special abilities


You were on level 3 of the Dungeon.
You visited 1 branch of the dungeon, and saw 3 of its levels.

You collected 74 gold pieces.

Inventory:

Missiles
 c - 5 boomerangs of dispersal (quivered)
Armour
 a - a +0 robe (worn)
Scrolls
 b - a scroll of blinking
 e - a scroll of enchant armour {unknown}
 f - a scroll of torment {unknown}
 g - 2 scrolls of noise {unknown}
 j - a scroll of identify {unknown}
 l - a scroll of vulnerability {unknown}
Potions
 d - a potion of curing {unknown}
 h - a potion of mutation {unknown}
 i - a potion of degeneration {unknown}
 k - a potion of lignification {unknown}
 m - a potion of haste {unknown}
 n - a potion of ambrosia {unknown}


   Skills:
 + Level 1.8 Fighting
 - Level 0.8 Throwing
 + Level 2.3 Dodging
 + Level 0.1 Stealth
 + Level 3.1 Unarmed Combat
 + Level 1.4 Spellcasting
 * Level 2.9 Translocations


You had 5 spell levels left.
You didn't know any spells.
Your spell library contained the following spells:

 Spells                   Type           Power      Damage    Failure   Level
 Apportation              Tloc           14%        N/A       10%         1
 Blink                    Tloc           14%        N/A       14%         2
 Gell's Gravitas          Tloc           7%         N/A       28%         3
 Lesser Beckoning         Tloc           7%         N/A       28%         3
 Teleport Other           Tloc           7%         N/A       28%         3
 Animate Skeleton         Necr           0%         N/A       30%         1
 Summon Small Mammal      Summ           0%         N/A       30%         1
 Manifold Assault         Tloc           7%         N/A       95%         5


Dungeon Overview and Level Annotations

Branches:
Dungeon (3/15)

Altars:


Innate Abilities, Weirdness & Mutations

You are too large for most types of armour.
You have claws for hands.
Your natural rate of healing is unusually fast.
You are covered in fur. (AC +1)
You have tough skin. (AC +1)


Message History

You barely miss the gnoll.
The gnoll is severely wounded.
The gnoll hits you with a +0 spear.
You claw the gnoll!
You kill the gnoll!
Your Unarmed Combat skill increases to level 3!
You have reached level 4!
You closely miss the ball python. The ball python bites you.
You claw the ball python!
You kill the ball python!
The gnoll barely misses you. The gnoll hits you with a +0 spear.
You see here a +0 spear.
You claw the gnoll!
You kill the gnoll!
You scratch the gnoll.
The gnoll is heavily wounded.
The gnoll hits you with a +0 flail!
You claw the gnoll!
You kill the gnoll!
Things that are here:
a +0 flail; a +0 spear; a gnoll corpse The gnoll shouts!
The gnoll hits you with a +0 flail! The gnoll barely misses you.
You barely miss the gnoll. The gnoll hits you with a +0 flail!
* * * LOW HITPOINT WARNING * * *
You closely miss the gnoll. The gnoll hits you with a +0 flail.
* * * LOW HITPOINT WARNING * * *
You claw the gnoll!
The gnoll is severely wounded.
The gnoll hits you with a +0 flail.
* * * LOW HITPOINT WARNING * * *
You scratch the gnoll.
The gnoll is almost dead.
The gnoll barely misses you.
You scratch the gnoll but do no damage.
The gnoll is almost dead.
The gnoll hits you with a +0 flail!
You die...

##..##.# ####>.>...# ###
#.....##### ... #.###.#
#.###.#...# #...#...###
#....## ##....##### . .
####..#.)...@#####....
.####....##.##..g........g
......##............##...(
...........§.§≈#.#§..... .
.....###.#(§§§§#.#≈§≈....
.###..##...§≈§≈#)#§≈≈§§§..
##.##..≈≈§§§#)#§§§§§§##
#.##..§≈§§§#.#≈≈≈≈§..#
#....§≈#####.#####§≈..#


You could see a gnoll.

Vanquished Creatures
  3 gnolls (D:3)
  2 adders (D:3)
  A worm (D:2)
  A dart slug (D:2)
  5 ball pythons
  6 endoplasms
  2 giant cockroaches (D:1)
  3 goblins
  3 hobgoblins
  2 jackals (D:1)
  2 quokkas (D:1)
  2 bats
  2 frilled lizards
  6 kobolds
  5 rats
45 creatures vanquished.

Notes
Turn   | Place    | Note
-------+----------+-------------------------------------------
     0 | D:1      | lordive the Troll Warper began the quest for the Orb.
     0 | D:1      | Reached XP level 1. HP: 19/19 MP: 1/1
   173 | D:1      | Found a faded altar of an unknown god.
   245 | D:1      | Reached XP level 2. HP: 19/27 MP: 2/2
   841 | D:2      | Reached XP level 3. HP: 35/35 MP: 4/4
  1648 | D:3      | Reached skill level 3 in Unarmed Combat
  1648 | D:3      | Reached XP level 4. HP: 27/42 MP: 5/5
  1664 | D:3      | Slain by a gnoll

Illustrated notes

Levels and vault maps discovered:
D:1:      onia_arrival_mini_maze_b, layout_loops_ring,
          dreamdust_ecumenical_altar_statues
D:2:      layout_basic, patterned_corridor
D:3:      layout_rooms, grunt_decor_junction, minmay_snake_closets

Skill      XL: |  1  2  3 |
---------------+----------+-----
Dodging        | 2 |  2.3
Unarmed Combat | 3 |  3.1
Fighting       | |  1.8
Throwing       | |  0.8
Stealth        | |  0.1
Spellcasting   | |  1.4
Translocations | |  2.9

Action                   |  1- 3 |  4- 6 || total
-------------------------+-------+-------++-------
Melee: Unarmed           |   121 |    10 ||   131
 Stab: Sleeping          |     2 |       ||     2
Armor: Robe              |    26 |       ||    26
Dodge: Dodged            |    53 |     3 ||    56

Table legend: (Time is in decaauts)
 A = Elapsed time spent in this place.
 B = Non-inter-level travel time spent in this place.
 C = Inter-level travel time spent in this place.
 D = Time resting spent in this place.
 E = Time spent auto-exploring this place.
 F = Levels seen in this place.
 G = Mean time per level.
                   A        B        C        D        E       F      G
               +--------+--------+--------+--------+--------+-----+--------+
         Total |   1657 |   1579 |     78 |      0 |   1266 |   3 |  552.3 |
       Dungeon |   1657 |   1579 |     78 |      0 |   1266 |   3 |  552.3 |
               +--------+--------+--------+--------+--------+-----+--------+

Top non-repeatable levels by time:
     D:1: 819 daAuts
     D:2: 645 daAuts
     D:3: 193 daAuts
